 Dungeon Crawl Stone Soup version 0.30-a0-1160-g6e42c06551 (webtiles) character file.

Game seed: 8844537319502330880

1482 BigDaddyOpFi the Chopper (level 8, -4/109 HPs)
             Began as a Hill Orc Fighter on Apr 25, 2023.
             Slain by a sky beast (6 damage)
             ... on level 6 of the Dungeon.
             The game lasted 00:05:05 (4722 turns).

BigDaddyOpFi the Chopper (Hill Orc Fighter)         Turns: 4722, Time: 00:05:06

Health: -4/109     AC: 10    Str: 21    XL:     8   Next: 79%
Magic:  8/8        EV:  9    Int:  8    God:
Gold:   323        SH:  0    Dex: 10    Spells: 7/7 levels left

rFire   . . .        p - +4 lajatang of Entrepreneurial Spirit {elec, Will++}
rCold   . . .        (shield currently unavailable)
rNeg    . . .        b - +0 scale mail
rPois   +            (no helmet)
rElec   .            (no cloak)
rCorr   .            f - +0 pair of gloves
SInv    .            t - +0 pair of boots
Will    ++...        (no amulet) Stlth
                     v - ring of poison resistance
HPRegen 0.38/turn    (no ring)
MPRegen 0.11/turn

%: no passive effects
@: berserking (expiring), hasted, very quick
A: no striking features
a: no special abilities


You were on level 6 of the Dungeon.
You visited 1 branch of the dungeon, and saw 6 of its levels.

You collected 323 gold pieces.

Inventory:

Hand Weapons
 a - a +0 war axe
 n - the +3 flail "Fish" {freeze, Int+2}
   (You found it on level 3 of the Dungeon)

   Int:       It affects your intelligence (+2).
 p - the +4 lajatang of Entrepreneurial Spirit (weapon) {elec, Will++}
   (You found it on level 3 of the Dungeon)

   Will:      It greatly increases your willpower.
Armour
 b - a +0 scale mail (worn)
 c - a +0 buckler
 f - a +0 pair of gloves (worn)
 t - a +0 pair of boots (worn)
Jewellery
 v - a ring of poison resistance (left hand)
Scrolls
 i - a scroll of brand weapon
 j - 2 scrolls of amnesia
 k - a scroll of vulnerability
 l - 2 scrolls of enchant armour
 m - a scroll of noise
 u - a scroll of identify
 x - a scroll of torment
Potions
 h - 2 potions of degeneration {unknown}
 o - a potion of curing
 q - a potion of ambrosia {unknown}
 r - a potion of resistance {unknown}
 s - 2 potions of magic {unknown}
 w - a potion of lignification {unknown}


   Skills:
 + Level 7.3 Fighting
 + Level 7.4 Axes
 + Level 6.7 Armour
 + Level 6.6 Shields


You had 7 spell levels left.
You didn't know any spells.
Your spell library contained the following spells:

 Spells                   Type           Power      Damage    Failure   Level
 Frozen Ramparts          Ice            0%         1d1       97%         3
 Volatile Blastmotes      Fire/Tloc      0%         2d10      97%         3
 Fulminant Prism          Conj/Hex       0%         3d5       100%        4
 Ice Form                 Ice/Tmut       0%         N/A       100%        4
 Iskenderun's Mystic Bla  Conj/Tloc      0%         2d3       100%        4
 Leda's Liquefaction      Hex/Erth       0%         N/A       100%        4
 Summon Ice Beast         Ice/Summ       0%         N/A       100%        4
 Lee's Rapid Deconstruct  Erth           0%         3d4*      100%        5
 Statue Form              Tmut/Erth      0%         N/A       100%        6


Dungeon Overview and Level Annotations

Branches:
Dungeon (6/15)
 Temple: D:4-7

Altars:
Hepliaklqana
Vehumet
Zin

Shops:
D:2 =


Message History

You slice the wight!! Lightning courses through the wight!
You destroy the wight!
The orc hits you but does no damage. Something hits you but does no damage.
The ice beast hits you but does no damage.
Your life force feels restored.
You slice the ogre!!
The ogre is severely wounded.
The orc hits you but does no damage. Something hits you but does no damage.
The ice beast hits you but does no damage.
The ogre barely misses you.
You slice the ogre!!
You kill the ogre!
The shadow imp gestures at you. You resist with almost no effort.
Something hits you but does no damage. The orc barely misses you.
The ice beast hits you but does no damage.
You barely miss the white imp. The orc closely misses you.
Something hits you but does no damage. The white imp closely misses you.
The ice beast hits you but does no damage.
You slice the white imp!!
You kill the white imp!
The orc hits you but does no damage. Something hits you but does no damage.
The ice beast hits you but does no damage.
You barely miss the shadow imp.
The ice beast hits you but does no damage.
The orc hits you but does no damage. Something hits you but does no damage.
The shadow imp hits you.
* * * LOW HITPOINT WARNING * * *
You slash the shadow imp!
You kill the shadow imp!
The ice beast completely misses you. Something hits you but does no damage.
The orc hits you but does no damage. The ice beast hits you.
* * * LOW HITPOINT WARNING * * *
The ice beast freezes you!
* * * LOW HITPOINT WARNING * * *
The orc hits you but does no damage. Something hits you.
* * * LOW HITPOINT WARNING * * *
Something shocks you.
You die...

..# ..#
##### .##
##...##
(#######
##.....##
.......#
#.......#
...#.#.#
#.......#
.......#
#.......#
.......#
##...o.##
....####
##Y@{##
.#..##
####'#######
.....#
#...........
....#.#
#...........
..#.#.#
#...........
#.....#
#.########+#
#.....#
#..##
....#...
#....
....#...
#....##


You could see an ice beast and an orc.

Vanquished Creatures
  An ice beast (D:6)
  2 black bears
  2 ogres
  A centaur (D:5)
  A phantom (D:5)
  2 scorpions (D:4)
  5 wights (D:6)
  A jelly (D:4)
  An orc priest (D:3)
  4 hounds
  4 iguanas
  An orc wizard (D:4)
  6 adders
  A shadow imp (D:6)
  3 white imps (D:6)
  An ufetubus (D:5)
  4 worms
  3 dart slugs
  15 orcs
  10 endoplasms
  5 giant cockroaches
  12 goblins
  4 hobgoblins
  2 kobolds (D:1)
  8 quokkas
  2 ball pythons
  3 bats
  2 frilled lizards
  5 rats
111 creatures vanquished.

Notes
Turn   | Place    | Note
-------+----------+-------------------------------------------
     0 | D:1      | BigDaddyOpFi the Hill Orc Fighter began the quest for the
                  | Orb.
     0 | D:1      | Reached XP level 1. HP: 19/19 MP: 1/1
   161 | D:1      | Reached XP level 2. HP: 27/27 MP: 2/2
   636 | D:2      | Reached XP level 3. HP: 33/33 MP: 3/3
   704 | D:2      | Found Rion Wafuygh's Jewellery Boutique.
   815 | D:2      | Found a hazy altar of Hepliaklqana.
  1342 | D:3      | Found a radiant altar of Vehumet.
  1439 | D:3      | Identified the +3 flail "Fish" {freeze, Int+2}
  1588 | D:3      | Reached XP level 4. HP: 36/40 MP: 4/4
  1804 | D:3      | Reached XP level 5. HP: 40/47 MP: 5/5
  1813 | D:3      | Identified the +4 lajatang of Entrepreneurial Spirit {elec,
                  | Will++}
  2362 | D:4      | Noticed a black bear
  2368 | D:4      | Killed a black bear
  2369 | D:4      | Reached skill level 5 in Fighting
  2369 | D:4      | Reached XP level 6. HP: 40/56 MP: 6/6
  2445 | D:4      | Found a glowing silver altar of Zin.
  2478 | D:4      | Reached skill level 5 in Axes
  2609 | D:4      | Reached skill level 5 in Armour
  2758 | D:4      | Found a hazy altar of Hepliaklqana.
  2824 | D:4      | Reached skill level 5 in Shields
  2824 | D:4      | Reached XP level 7. HP: 59/61 MP: 7/7
  2884 | D:5      | Entered Level 5 of the Dungeon
  3848 | D:6      | Reached XP level 8. HP: 71/71 MP: 8/8
  4374 | D:6      | Noticed a boulder beetle
  4722 | D:6      | HP: 5/109 [ice beast (12)]
  4722 | D:6      | HP: 2/109 [something (3)]
  4722 | D:6      | Slain by a sky beast

Illustrated notes

Levels and vault maps discovered:
D:1:      sevenhm_arrival_forest_fort_large_4, layout_rooms
D:2:      layout_rooms, serial_shops, shop, basic_altar
D:3:      minmay_octagon_keep, layout_loops_cross,
          mainiacjoe_overflow_small_starburst, serial_co_window_serial,
          co_window_corner_a, co_window_of_opportunity_a, co_window_paths_a,
          co_window_paths_a, co_window_paths_a, co_window_2corner,
          co_window_broadway_b, co_window_corner_ca, co_window_unsneaky_path_d,
          co_window_unsneaky_path_c, co_window_paths_e, glass_columns_c
D:4:      layout_cave_pools, zin_academy, worldfamousw_hep_ancestral_shrine
D:5:      layout_cave_pods, minmay_liquid_box
D:6:      minmay_opposing_rooms, layout_basic,
          minmay_temple_entry_enclosed_plants, lightli_orcish_oven

Skill      XL: |  1  2  3  4  5  6  7  8 |
---------------+-------------------------+-----
Axes           | 3 4 5 6 7 |  7.4
Fighting       | 4 5 6 7 |  7.3
Armour         | 4 5 6 |  6.7
Shields        | 4 5 6 |  6.6

Action                     |  1- 3 |  4- 6 |  7- 9 || total
---------------------------+-------+-------+-------++-------
  Melee: War axe           |   107 |       |       ||   107
         Flail             |    13 |    29 |       ||    42
         Lajatang          |       |    46 |    96 ||   142
    Use: Scroll            |     6 |     1 |     2 ||     9
         Potion            |       |       |     7 ||     7
 Armour: Scale mail        |    62 |    56 |    75 ||   193
  Dodge: Dodged            |    47 |    56 |    62 ||   165
  Block: Buckler           |    24 |    14 |       ||    38

Table legend: (Time is in decaauts)
 A = Elapsed time spent in this place.
 B = Non-inter-level travel time spent in this place.
 C = Inter-level travel time spent in this place.
 D = Time resting spent in this place.
 E = Time spent auto-exploring this place.
 F = Levels seen in this place.
 G = Mean time per level.
                   A        B        C        D        E       F      G
               +--------+--------+--------+--------+--------+-----+--------+
         Total |   4790 |   4624 |    166 |    340 |   3431 |   6 |  798.3 |
       Dungeon |   4790 |   4624 |    166 |    340 |   3431 |   6 |  798.3 |
               +--------+--------+--------+--------+--------+-----+--------+

Top non-repeatable levels by time:
     D:3: 1164 daAuts
     D:5: 1072 daAuts
     D:4: 828 daAuts
     D:6: 655 daAuts
     D:1: 618 daAuts
     D:2: 452 daAuts
